[Event "ICCopen2017"]
[Site "Internet Chess Club"]
[Date "2017.04.02"]
[Round "5"]
[White "Eloist"]
[Black "leonardoalmeida"]
[Result "1-0"]
[ICCResult "Black forfeits on time"]
[WhiteElo "2132"]
[BlackElo "1759"]
[Opening "Scandinavian (center counter) defense"]
[ECO "B01"]
[NIC "SD.01"]
[Time "19:53:57"]
[TimeControl "180+0"]

1. e4 d5 2. exd5 Qxd5 3. Nc3 Qa5 4. d4 c6 5. Nf3 Bg4 6. h3 Bxf3 7. Qxf3 e6
8. Bd3 Nf6 9. O-O Nbd7 10. Ne4 Nxe4 11. Qxe4 Nf6 12. Qe2 Be7 13. c4 O-O 14.
Bd2 Qb6 15. Bc3 Rad8 16. a3 c5 17. d5 Rfe8 18. dxe6 Qxe6 19. Qxe6 fxe6 20.
Bc2 Kf7 21. Rfe1 Bd6 22. Re2 Re7 23. Rae1 Rde8 24. Ba4 Rd8 25. g3 h6 26. Kg2
g5 27. Re3 a6 28. Rf3 e5 29. Bc2 Kg7 30. Rh1 Rf8 31. h4 g4 32. Rf5 h5 33.
Rd1 Bc7 34. Rg5+ Kf7 35. Bg6+ Ke6 36. Bxh5 Nxh5 37. Rxh5 Rf6 38. Rd5 Ref7
39. Rd2 Rg6 40. Re2 Rf5 41. Rh7 Kd6 42. Rxe5 Rxe5 43. Bxe5+ Kxe5 44. Rxc7
Kd4 45. b3 b5 46. cxb5 axb5 47. a4 bxa4 48. bxa4 Ra6 49. h5 Rxa4 50. h6 Ra8
51. h7 Rh8 52. f4 gxf3+ 53. Kxf3 c4 54. Ke2 Re8+ 55. Kd2 c3+ 56. Kc2 Re2+
57. Kc1 Rh2 58. g4 Kd3 59. Rd7+ Kc4 60. g5 Rh1+ 61. Kc2 Rh2+ 62. Kc1 Rh1+
63. Rd1 Rxh7 64. Rg1 Rg7 65. Kc2 Rg6 66. Rg4+ Kd5 67. Kxc3 Ke5 68. Kd3 Kf5
69. Rd4 Rxg5 70. Rd5+ Kf6 71. Rd6+ {Black forfeits on time} 1-0

[Event "ICCopen2017"]
[Site "Internet Chess Club"]
[Date "2017.04.02"]
[Round "5"]
[White "croder"]
[Black "ElMarginal"]
[Result "1-0"]
[ICCResult "Black forfeits on time"]
[WhiteElo "1592"]
[BlackElo "1413"]
[Opening "Four knights game"]
[ECO "C47"]
[NIC "KP.06"]
[Time "19:54:51"]
[TimeControl "180+0"]

1. e4 Nc6 2. Nc3 e5 3. Nf3 Nf6 4. d3 Bc5 5. Be3 Bb4 6. Be2 O-O 7. a3 Ba5 8.
b4 Bb6 9. O-O d6 10. Qd2 Nd4 11. Rfd1 Bg4 12. Bxd4 exd4 13. Na4 c5 14. Nxb6
axb6 15. c3 dxc3 16. Qxc3 Qe7 17. Re1 Nd7 18. Qc4 Ne5 19. Nxe5 Bxe2 20. Nxf7
Bxd3 21. Nh6+ Kh8 22. Qxd3 gxh6 23. Rad1 Rad8 24. f3 Qe5 25. bxc5 bxc5 26.
Qb5 Rf7 27. a4 Rfd7 28. a5 h5 29. Rd5 Qe6 30. Red1 h4 31. h3 Rb8 32. a6 b6
33. a7 Rbb7 34. a8=Q+ Kg7 35. Rg5+ {Black forfeits on time} 1-0

[Event "ICCopen2017"]
[Site "Internet Chess Club"]
[Date "2017.04.02"]
[Round "5"]
[White "Tlaloc"]
[Black "Bojack"]
[Result "1-0"]
[ICCResult "Black forfeits on time"]
[WhiteElo "2511"]
[BlackElo "2182"]
[Opening "Réti: King's Indian attack, French variation"]
[ECO "A05"]
[NIC "QP.11"]
[Time "19:53:58"]
[TimeControl "180+0"]

1. Nf3 Nf6 2. d3 e6 3. g3 d5 4. Bg2 Be7 5. O-O O-O 6. Nbd2 c5 7. e4 Nc6 8.
Re1 b5 9. e5 Nd7 10. Nf1 f6 11. exf6 Bxf6 12. c4 bxc4 13. dxc4 Nb6 14. cxd5
exd5 15. h4 Nd4 16. Nxd4 Bxd4 17. Be3 Bxe3 18. Nxe3 Bb7 19. Rc1 Qd6 20. b3
Rad8 21. Qg4 Qf6 22. f4 Bc8 23. Qg5 Qxg5 24. hxg5 d4 25. Nc4 d3 26. Red1 Bg4
27. Rd2 Nxc4 28. Rxc4 Rfe8 29. Rxc5 Re2 30. Rd5 Rxd2 31. Rxd8+ Kf7 32. Be4
Be2 33. Kf2 Ke7 34. Ke3 Rxa2 35. Rd4 a5 36. Bxd3 Bxd3 37. Rxd3 Ra3 38. Kf3
a4 39. Re3+ Kd6 40. bxa4 Rxa4 41. Rd3+ Ke6 42. Re3+ Kf7 43. Kg4 Ra8 44. Re5
Ra4 45. Rf5+ Ke7 46. Rb5 Kf7 47. Rb7+ Kg8 48. Kh5 Ra3 49. Kg4 g6 50. Rb8+
Kf7 51. Rb7+ Kg8 52. Rc7 Ra1 53. Rc5 Ra4 54. Rd5 Ra8 55. Re5 Rf8 56. Re3 Kg7
57. Rf3 Rf7 58. Kh3 Rf5 59. Kh4 Rb5 60. Kh3 Rb1 61. g4 Rb2 62. Kg3 Rb4 63.
f5 Rb7 64. f6+ Kf7 65. Kf4 Rb4+ 66. Kg3 Rb6 67. Re3 Rb5 68. Kf3 Rxg5 69.
Re7+ Kxf6 70. Rxh7 Re5 71. Kg3 Ke6 72. Rh6 Rc5 73. Rxg6+ Kf7 74. Rh6 Rc4 75.
Rh5 Ke8 76. Re5+ Kd7 77. Rf5 Kd6 78. Rf3 {Black forfeits on time} 1-0

[Event "ICCopen2017"]
[Site "Internet Chess Club"]
[Date "2017.04.02"]
[Round "5"]
[White "nikenwidiartto"]
[Black "mvillalba"]
[Result "0-1"]
[ICCResult "White forfeits on time"]
[WhiteElo "1819"]
[BlackElo "2158"]
[Opening "Sicilian: closed"]
[ECO "B23"]
[NIC "SI.44"]
[Time "19:54:19"]
[TimeControl "180+0"]

1. e4 c5 2. Nc3 g6 3. f4 Bg7 4. Nf3 e6 5. d4 cxd4 6. Nxd4 Ne7 7. Be3 O-O 8.
Qd2 d5 9. exd5 Nxd5 10. Nxd5 exd5 11. O-O-O Nc6 12. Be2 Re8 13. Bf3 Be6 14.
Rhe1 a6 15. g4 Rc8 16. f5 Nxd4 17. Bxd4 gxf5 18. Bxg7 Kxg7 19. gxf5 Bxf5 20.
Rg1+ Bg6 21. c3 Qa5 22. Bxd5 Re2 23. Rxg6+ hxg6 24. Qxe2 Qc7 25. Re1 Qf4+
26. Qe3 Qxh2 27. Qe5+ Qxe5 28. Rxe5 Rc7 29. Kd2 f5 30. Ke3 Kf6 31. Re6+ Kg5
32. Rb6 Re7+ 33. Kf2 Kf4 34. Rxg6 Rd7 35. Bb3 Rd2+ 36. Ke1 Rxb2 37. Rb6 Ke3
38. Kf1 f4 39. Rxb7 f3 40. Re7+ Kf4 41. c4 Rb1+ 42. Kf2 Rb2+ 43. Ke1 Kg3 44.
Rg7+ Kf4 45. Rf7+ Ke3 46. c5 Rb1+ 47. Bd1 Rc1 48. Re7+ Kd4 49. c6 Rxc6 50.
Bxf3 Rc2 51. Re2 Rc1+ 52. Kd2 Rc7 53. Re1 Ra7 54. Re4+ Kc5 55. Kc3 Rg7 56.
Re5+ Kd6 57. Re3 Rg1 58. Kd4 Ra1 59. Rd3 Kc7 {White forfeits on time} 0-1

[Event "ICCopen2017"]
[Site "Internet Chess Club"]
[Date "2017.04.02"]
[Round "5"]
[White "PaulieChessnut"]
[Black "giovana64"]
[Result "0-1"]
[ICCResult "White resigns"]
[WhiteElo "1360"]
[BlackElo "1631"]
[Opening "Benoni: 6.e4"]
[ECO "A65"]
[NIC "BI.36"]
[Time "19:54:24"]
[TimeControl "180+0"]

1. d4 c5 2. d5 Nf6 3. c4 e6 4. Nc3 exd5 5. cxd5 d6 6. e4 g6 7. Bd3 Bg7 8.
Nge2 O-O 9. O-O a6 10. Rb1 b5 11. Bg5 h6 12. Bh4 g5 13. Bg3 Nh5 14. Qc2 Re8
15. f4 gxf4 16. Nxf4 Nxg3 17. hxg3 Nd7 18. Nh5 Ne5 19. Nxg7 Kxg7 20. Be2 Qg5
21. Nd1 Qxg3 22. Qc3 Qg5 23. Ne3 b4 24. Qc1 Rg8 25. Nf5+ Bxf5 26. Qe3 Qxe3+
27. Rf2 Bxe4 28. Rf1 Kh8 29. Kh2 Qg3+ 30. Kg1 Bxg2 {White resigns} 0-1

[Event "ICCopen2017"]
[Site "Internet Chess Club"]
[Date "2017.04.02"]
[Round "5"]
[White "FlashGordon"]
[Black "TudoracheM"]
[Result "0-1"]
[ICCResult "White forfeits on time"]
[WhiteElo "1147"]
[BlackElo "1692"]
[Opening "Queen's pawn game"]
[ECO "D00"]
[NIC "QP.07"]
[Time "19:55:43"]
[TimeControl "180+0"]

1. d4 Nf6 2. Nc3 d5 3. Bf4 c6 4. Nf3 h6 5. e3 g6 6. Bd3 Bg7 7. O-O O-O 8. h3
Nbd7 9. Qd2 Nh5 10. Bh2 f5 11. Ne2 Qe8 12. c4 e5 13. dxe5 Nxe5 14. Nxe5 Bxe5
15. Nf4 Nxf4 16. exf4 Bf6 17. cxd5 cxd5 18. Rfe1 Qf7 19. Rad1 Bd7 20. Bc2
Bc6 21. Qb4 Rfe8 22. g4 fxg4 23. hxg4 d4 24. g5 hxg5 25. fxg5 Bxg5 26. Rxd4
Qf3 27. Bb3+ Kh7 28. Bg8+ Kxg8 {White forfeits on time} 0-1

[Event "ICCopen2017"]
[Site "Internet Chess Club"]
[Date "2017.04.02"]
[Round "5"]
[White "Discoverchess"]
[Black "Darnoc"]
[Result "1/2-1/2"]
[ICCResult "Black ran out of time and White has no material to mate"]
[WhiteElo "2652"]
[BlackElo "2888"]
[Opening "Réti opening"]
[ECO "A11"]
[NIC "RE.07"]
[Time "19:54:32"]
[TimeControl "180+0"]

1. Nf3 d5 2. c4 c6 3. g3 Nf6 4. Bg2 dxc4 5. O-O Nbd7 6. a4 a5 7. Qc2 Nb6 8.
Na3 Be6 9. Ng5 Bg4 10. Nxc4 Nxc4 11. Qxc4 e6 12. h3 Bh5 13. d4 Be7 14. Nf3
O-O 15. b3 Qb6 16. Bb2 Rfd8 17. Rfd1 Nd5 18. Rac1 Qb4 19. Qc2 Qb6 20. Qc4
Qb4 21. Qc2 Rac8 22. Ne5 Bg5 23. Rb1 Qe7 24. Nc4 Nb4 25. Qc3 Bxe2 26. Re1
Bd3 27. Rbd1 Bc2 28. Ra1 Bg6 29. Be4 Bxe4 30. Rxe4 Qc7 31. Re2 Bf6 32. Rd1
c5 33. Re4 Nc6 34. Qf3 cxd4 35. Na3 Qd7 36. Nb5 Qd5 37. Qf4 e5 38. Qf5 Qxb3
39. Rd2 Ne7 40. Qh5 g6 41. Qe2 Nd5 42. f4 Nc3 43. Qf3 Qxa4 44. Nxc3 dxc3 45.
Rxa4 cxd2 46. Ra1 exf4 47. Bxf6 Rc1+ 48. Qd1 Rxd1+ 49. Rxd1 Rd3 50. gxf4 b5
51. Kf2 b4 52. Ke2 Rxh3 53. Be5 Rh2+ 54. Kd3 h5 55. Rxd2 Rxd2+ 56. Kxd2 h4
57. Ke2 h3 58. Kf2 b3 59. Kg3 a4 60. Bb2 f6 61. Ba3 Kf7 62. Kxh3 Ke6 63. Kg3
Kf5 64. Bb2 g5 65. Kf3 gxf4 66. Kf2 Ke4 67. Ke2 f3+ 68. Kf2 Kd3 69. Kf1 Kc2
70. Kg1 Kxb2 71. Kh2 Kc2 72. Kg3 b2 73. Kxf3 b1=Q 74. Kf4 Qd1 75. Kf5 Qd4
76. Kg6 Qe5 77. Kf7 Qe6+ 78. Kf8 Qe7+ 79. Kg8 f5 80. Kh8
{Black ran out of time and White has no material to mate}
1/2-1/2

[Event "ICCopen2017"]
[Site "Internet Chess Club"]
[Date "2017.04.02"]
[Round "5"]
[White "BrentMusburger"]
[Black "oli2"]
[Result "1/2-1/2"]
[ICCResult "Game drawn by repetition"]
[WhiteElo "2339"]
[BlackElo "1742"]
[Opening "Sicilian: Scheveningen, classical main line"]
[ECO "B45"]
[NIC "SI.22"]
[Time "19:53:23"]
[TimeControl "180+0"]

1. e4 c5 2. Nf3 e6 3. d4 cxd4 4. Nxd4 Nc6 5. Nc3 d6 6. Be2 Nf6 7. O-O Be7 8.
Be3 O-O 9. f4 a6 10. Qe1 Qc7 11. Rd1 Nxd4 12. Bxd4 e5 13. Be3 exf4 14. Bxf4
Be6 15. Kh1 Nd7 16. Qg3 Ne5 17. Bxe5 dxe5 18. Bg4 Rad8 19. Bf5 g6 20. Bxe6
fxe6 21. Qg4 Qc6 22. h4 Kg7 23. h5 Bb4 24. Qg5 Rxd1 25. Qxe5+ Kh6 26. Rxd1
Bxc3 27. bxc3 Qb5 28. Qxb5 axb5 29. hxg6 hxg6 30. Rd7 Rf2 31. Rxb7 Rxc2 32.
Rxb5 Rxc3 33. Ra5 Re3 34. Ra4 Kg5 35. Kh2 Kf4 36. Ra8 Kxe4 37. a4 e5 38. a5
Ra3 39. Kg1 Ke3 40. a6 Ra1+ 41. Kh2 e4 42. a7 Ke2 43. Kg3 e3 44. Kf4 Kf2 45.
Rf8 e2 46. Kg4+ Kxg2 47. Re8 Ra4+ 48. Kg5 Kf2 49. Rf8+ Kg1 50. Re8 Ra5+ 51.
Kxg6 Ra6+ 52. Kg5 Kf2 53. Rf8+ Kg2 54. Re8 Kf2 55. Rf8+ Kg2 56. Re8 Kf1 57.
Rf8+ Kg2 58. Re8 Kf2 59. Rf8+ Kg2 60. Re8 Kf2 61. Rf8+ Kg2 62. Re8 Kf2 63.
Rf8+ Kg2 64. Re8 {Game drawn by repetition} 1/2-1/2

[Event "ICCopen2017"]
[Site "Internet Chess Club"]
[Date "2017.04.02"]
[Round "5"]
[White "Buscapina"]
[Black "charlestehace"]
[Result "0-1"]
[ICCResult "White resigns"]
[WhiteElo "2258"]
[BlackElo "2822"]
[Opening "French: Winawer, advance, Bogolyubov variation"]
[ECO "C17"]
[NIC "FR.10"]
[Time "19:55:11"]
[TimeControl "180+0"]

1. e4 e6 2. d4 d5 3. Nc3 Bb4 4. e5 c5 5. Bd2 Nc6 6. Nb5 Bxd2+ 7. Qxd2 cxd4
8. Nd6+ Kf8 9. f4 Qb6 10. O-O-O Nge7 11. Nf3 h6 12. g4 Bd7 13. Nxd4 Nxd4 14.
Qxd4 Qxd4 15. Rxd4 g5 16. h4 Nc6 17. Rd1 gxf4 18. Re1 Rb8 19. Bb5 Rg8 20. g5
hxg5 21. hxg5 Rxg5 22. Rh7 Rg7 23. Rh4 Ke7 24. Bxc6 bxc6 25. Rxf4 c5 26.
Ref1 Be8 27. b3 Rd8 28. Nb7 Rc8 29. Kb2 Rc7 30. Nd6 Rh7 31. R1f2 f5 32. c4
Bc6 33. cxd5 Bxd5 34. Rc2 Kd7 35. Nb5 Rb7 36. Rxc5 Rh2+ 37. Ka3 Rb6 38. Ra4
a6 39. Nd6 Re2 40. Rca5 Rxe5 41. Nf7 Re2 42. Rxa6 Rxa6 43. Rxa6 f4 44. Ng5
f3 45. Ra7+ Kd6 46. Rf7 f2 47. Rf8 Bg2 48. Nh7 f1=Q 49. Rxf1 Bxf1 50. Nf6 e5
51. Ne4+ Rxe4 {White resigns} 0-1

[Event "ICCopen2017"]
[Site "Internet Chess Club"]
[Date "2017.04.02"]
[Round "5"]
[White "ural"]
[Black "uptonjr"]
[Result "1-0"]
[ICCResult "Black resigns"]
[WhiteElo "2324"]
[BlackElo "1765"]
[Opening "Sicilian defense"]
[ECO "B20"]
[NIC "SI.48"]
[Time "19:58:12"]
[TimeControl "180+0"]

1. e4 c5 2. b3 d6 3. Bb2 e5 4. f4 exf4 5. Qf3 Be7 6. Bxg7 Bf6 7. Bxh8 Bxh8
8. c3 Qh4+ 9. g3 fxg3 10. hxg3 Qe7 11. Rxh7 Bf6 12. Bc4 Be6 13. Ne2 Nc6 14.
Bxe6 Qxe6 15. Nf4 Qe5 16. Nd5 O-O-O 17. Qf5+ Qxf5 18. exf5 Be5 19. Kf2 Nf6
20. Nxf6 Bxf6 21. Rxf7 Be5 22. Na3 Rg8 23. Rg1 d5 24. Nc2 d4 25. c4 d3 26.
Ne3 Bd4 27. Rh7 Ne5 28. Rh4 Rg5 29. g4 Kc7 30. Kg3 Bxe3 31. dxe3 Rg8 32. Kf4
Nc6 33. g5 d2 34. f6 Rd8 35. Rd1 Nb4 36. f7 Nd3+ 37. Kf5 Nb2 38. Rxd2 Rxd2
39. f8=Q Rf2+ 40. Rf4 {Black resigns} 1-0

[Event "ICCopen2017"]
[Site "Internet Chess Club"]
[Date "2017.04.02"]
[Round "6"]
[White "alejandrorios"]
[Black "Tlaloc"]
[Result "0-1"]
[ICCResult "White resigns"]
[WhiteElo "2125"]
[BlackElo "2514"]
[Opening "Petrov: classical attack"]
[ECO "C42"]
[NIC "RG.06"]
[Time "20:07:06"]
[TimeControl "180+0"]

1. e4 e5 2. Nf3 Nf6 3. Nxe5 d6 4. Nf3 Nxe4 5. d4 d5 6. Bd3 Nc6 7. O-O Be7 8.
c3 O-O 9. Nbd2 Bf5 10. Qb3 Nxd2 {White resigns} 0-1

[Event "ICCopen2017"]
[Site "Internet Chess Club"]
[Date "2017.04.02"]
[Round "6"]
[White "Smelterlife"]
[Black "jbow79"]
[Result "0-1"]
[ICCResult "White checkmated"]
[WhiteElo "350"]
[BlackElo "930"]
[Opening "Scandinavian (center counter) defense"]
[ECO "B01"]
[NIC "VO.17"]
[Time "20:06:41"]
[TimeControl "180+0"]

1. e4 d5 2. exd5 Qxd5 3. Nf3 Qe6+ 4. Ne5 Qxe5+ 5. Be2 Nf6 6. O-O e6 7. d4
Qd6 8. g3 b6 9. Bf4 Qd7 10. b4 Bb7 11. Nc3 Qc6 12. a4 Qg2# {White
checkmated} 0-1

[Event "ICCopen2017"]
[Site "Internet Chess Club"]
[Date "2017.04.02"]
[Round "6"]
[White "snaillike"]
[Black "JUGGERNOT"]
[Result "0-1"]
[ICCResult "White resigns"]
[WhiteElo "1308"]
[BlackElo "1679"]
[Opening "Blackmar-Diemer: Euwe defense"]
[ECO "D00"]
[NIC "QP.08"]
[Time "20:07:33"]
[TimeControl "180+0"]

1. d4 d5 2. e4 dxe4 3. Nc3 Nf6 4. f3 exf3 5. Nxf3 e6 6. Bd3 Bb4 7. Bg5 Bxc3+
8. Ke2 Bb4 9. Kf1 Be7 10. g3 h6 11. Bf4 Nc6 12. Be3 a6 13. Kg2 Nb4 14. Be2
b6 15. c3 Nbd5 16. Ne5 Nxe3+ {White resigns} 0-1

[Event "ICCopen2017"]
[Site "Internet Chess Club"]
[Date "2017.04.02"]
[Round "6"]
[White "garompon"]
[Black "Koval"]
[Result "1-0"]
[ICCResult "Black resigns"]
[WhiteElo "2463"]
[BlackElo "1938"]
[Opening "Sicilian, Chekhover variation"]
[ECO "B53"]
[NIC "SI.02"]
[Time "20:07:00"]
[TimeControl "180+0"]

1. e4 c5 2. Nf3 d6 3. d4 cxd4 4. Qxd4 e5 5. Bb5+ Nc6 6. Qd3 a6 7. Bxc6+ bxc6
8. c4 Nf6 9. Nc3 h6 10. O-O Qc7 11. b3 Be6 12. Rd1 Be7 13. Ba3 c5 14. Nd2
O-O 15. Nf1 Nh5 16. g3 f5 17. exf5 Bxf5 18. Qe2 Be6 19. Qxh5 {Black resigns}
1-0

[Event "ICCopen2017"]
[Site "Internet Chess Club"]
[Date "2017.04.02"]
[Round "6"]
[White "eltigrecu"]
[Black "nurmi"]
[Result "0-1"]
[ICCResult "White resigns"]
[WhiteElo "1933"]
[BlackElo "2351"]
[Opening "Old Benoni defense"]
[ECO "A43"]
[NIC "OI.09"]
[Time "20:06:10"]
[TimeControl "180+0"]

1. d4 c5 2. Bg5 cxd4 3. Qxd4 Nc6 4. Qc3 Nf6 5. Bxf6 gxf6 6. e3 e5 7. Nf3 Bb4
8. Bc4 d5 9. Bb5 Bxc3+ 10. Nxc3 Bg4 11. O-O-O Be6 12. Rd2 Qa5 13. Nxd5 O-O-O
14. Nc3 Rxd2 15. Nxd2 Bxa2 16. Bxc6 bxc6 17. Nde4 Be6 18. Rd1 Qa1+ 19. Kd2
Rd8+ 20. Ke2 Rxd1 21. Nxd1 f5 22. Nc5 Qc1 23. c3 Bc4+ 24. Ke1 Kc7
{White resigns}
0-1

[Event "ICCopen2017"]
[Site "Internet Chess Club"]
[Date "2017.04.02"]
[Round "6"]
[White "Zloy17"]
[Black "Bryant-L"]
[Result "1-0"]
[ICCResult "Black resigns"]
[WhiteElo "1991"]
[BlackElo "1621"]
[Opening "Modern defense"]
[ECO "A40"]
[NIC "QO.17"]
[Time "20:06:16"]
[TimeControl "180+0"]

1. d4 g6 2. Nf3 Bg7 3. g3 d6 4. Bg2 Nc6 5. O-O e5 6. dxe5 Nxe5 7. Nxe5 Bxe5
8. Nd2 Ne7 9. Nf3 Bg7 10. c3 O-O 11. Qb3 c6 12. Rd1 Qc7 13. Bf4 Nd5 14. Bg5
Be6 15. Qa3 h6 16. Bd2 Ne7 17. Bf4 Nd5 18. Bxd6 Qb6 19. Bxf8 Bxf8 20. Qb3
Qc7 21. Nd4 Re8 22. Nxe6 fxe6 23. e4 Nf6 24. Rd2 Kh7 25. Rad1 Bc5 26. Qc4 b6
27. b4 Be7 28. Qxe6 {Black resigns} 1-0

[Event "ICCopen2017"]
[Site "Internet Chess Club"]
[Date "2017.04.02"]
[Round "6"]
[White "ALexiz"]
[Black "vangani"]
[Result "1-0"]
[ICCResult "Black resigns"]
[WhiteElo "1742"]
[BlackElo "1379"]
[Opening "Dutch"]
[ECO "A80"]
[NIC "HD.12"]
[Time "20:06:38"]
[TimeControl "180+0"]

1. d4 f5 2. Nf3 e6 3. g3 Nf6 4. Bg2 Bb4+ 5. c3 Be7 6. O-O O-O 7. b3 d6 8. c4
a5 9. Bb2 Qe8 10. Nc3 Bd8 11. Nd2 Kh8 12. e4 f4 13. gxf4 Qg6 14. e5 Nh5 15.
Ne2 Nxf4 16. Nxf4 Rxf4 17. Qb1 Qg5 18. Qd3 b6 19. Kh1 c6 20. Ne4 Qg6 21.
Rad1 d5 22. Nd6 Qxd3 23. Rxd3 Bd7 24. Bc1 Na6 25. Bxf4 {Black resigns} 1-0

[Event "ICCopen2017"]
[Site "Internet Chess Club"]
[Date "2017.04.02"]
[Round "6"]
[White "HombreLaPaz"]
[Black "PITCHUS"]
[Result "0-1"]
[ICCResult "White checkmated"]
[WhiteElo "1310"]
[BlackElo "1713"]
[Opening "Van't Kruijs opening"]
[ECO "A00"]
[Time "20:06:55"]
[TimeControl "180+0"]

1. e3 c6 2. a3 d5 3. c4 e5 4. cxd5 Qxd5 5. Nc3 Qa5 6. d3 Bf5 7. Bd2 Qb6 8.
b4 Nf6 9. Na4 Qc7 10. e4 Be6 11. Nf3 Nbd7 12. Bc3 Bd6 13. Bb2 O-O 14. Qe2
Rad8 15. d4 exd4 16. Nxd4 Rfe8 17. f3 Be5 18. Nxe6 Rxe6 19. Bxe5 Nxe5 20.
Qb2 Nd3+ 21. Bxd3 Rxd3 22. Nc5 Re3+ 23. Kf2 Nxe4+ 24. Nxe4 R6xe4 25. fxe4
Qf4+ 26. Kg1 Rxe4 27. Qf2 Qe5 28. Rf1 f6 29. g3 Re2 30. Qf4 Qb2 31. Qb8+ Kf7
32. Qxb7+ Kg6 33. Qxc6 Qd4+ 34. Rf2 Qxf2# {White checkmated} 0-1

[Event "ICCopen2017"]
[Site "Internet Chess Club"]
[Date "2017.04.02"]
[Round "6"]
[White "wmanthony"]
[Black "bythebook"]
[Result "0-1"]
[ICCResult "White resigns"]
[WhiteElo "1308"]
[BlackElo "1552"]
[Opening "Caro-Kann: Tartakower (Nimzovich) variation"]
[ECO "B15"]
[NIC "CK.06"]
[Time "20:07:46"]
[TimeControl "180+0"]

1. e4 c6 2. d4 d5 3. Nc3 dxe4 4. Nxe4 Nf6 5. Nxf6+ exf6 6. Nf3 Bd6 7. Be2
O-O 8. O-O Bg4 9. Be3 Re8 10. c4 Nd7 11. a3 Nf8 12. b4 Rc8 13. b5 Bb8 14. c5
Qc7 15. a4 Bxf3 {White resigns} 0-1

[Event "ICCopen2017"]
[Site "Internet Chess Club"]
[Date "2017.04.02"]
[Round "6"]
[White "BoldPlan"]
[Black "MichailovM"]
[Result "0-1"]
[ICCResult "White resigns"]
[WhiteElo "1890"]
[BlackElo "2192"]
[Opening "Sicilian: Grand Prix attack"]
[ECO "B21"]
[NIC "SI.48"]
[Time "20:07:03"]
[TimeControl "180+0"]

1. e4 c5 2. f4 d5 3. e5 Nc6 4. Nf3 Nh6 5. c3 Bf5 6. Na3 e6 7. d3 Be7 8. Nc2
O-O 9. g3 d4 10. c4 f6 11. exf6 gxf6 12. Bg2 Qe8 13. O-O Qh5 14. Nh4 Qxd1
15. Rxd1 Bg4 16. Bf3 Bd6 17. Bxg4 Nxg4 18. Re1 Rae8 19. Bd2 f5 20. Re2 Kf7
21. Nf3 h6 22. Rae1 Rg8 23. h3 Nf6 24. Kh2 Rg6 25. Nh4 Rg7 26. Nxf5 exf5 27.
Rxe8 Nxe8 {White resigns} 0-1

[Event "ICCopen2017"]
[Site "Internet Chess Club"]
[Date "2017.04.02"]
[Round "6"]
[White "Casper2016"]
[Black "NEO2017"]
[Result "0-1"]
[ICCResult "White resigns"]
[WhiteElo "1217"]
[BlackElo "1730"]
[Opening "French: Winawer (Nimzovich) variation"]
[ECO "C15"]
[NIC "FR.08"]
[Time "20:06:41"]
[TimeControl "180+0"]

1. e4 e6 2. d4 d5 3. Nc3 Bb4 4. a3 Bxc3+ 5. bxc3 dxe4 6. Qg4 Nf6 7. Qxg7 Rg8
8. Qh6 Rg6 9. Qh4 c5 10. Be3 Nc6 11. g3 cxd4 12. cxd4 Qa5+ 13. Bd2 Qd5 14.
Ne2 e3 15. Bc3 exf2+ 16. Kxf2 Qxh1 17. Bg2 Ng4+ 18. Qxg4 Qxg2+ 19. Kxg2 Rxg4
{White resigns}
0-1

[Event "ICCopen2017"]
[Site "Internet Chess Club"]
[Date "2017.04.02"]
[Round "6"]
[White "MisticKnights13"]
[Black "carpedef"]
[Result "1-0"]
[ICCResult "Black resigns"]
[WhiteElo "1568"]
[BlackElo "1763"]
[Opening "King's Indian: fianchetto, classical variation"]
[ECO "E67"]
[NIC "KI.65"]
[Time "20:06:28"]
[TimeControl "180+0"]

1. c4 Nf6 2. Nc3 g6 3. Nf3 d6 4. g3 Bg7 5. Bg2 O-O 6. O-O Nbd7 7. d4 e5 8.
dxe5 dxe5 9. Bg5 c6 10. Ne4 Qe7 11. Nd6 h6 12. Nxc8 Raxc8 13. Bd2 Rcd8 14.
Qa4 Nc5 15. Qa3 e4 16. Bb4 exf3 17. Bxc5 Qxe2 18. Bxf3 Qxf3 19. Qxf3 Rfe8
20. Rfe1 b6 21. Be7 Rxe7 22. Rxe7 a5 23. Rae1 h5 24. Rb7 Rd4 25. Ree7 Rxc4
26. Rxf7 h4 27. Rxg7+ {Black resigns} 1-0

[Event "ICCopen2017"]
[Site "Internet Chess Club"]
[Date "2017.04.02"]
[Round "6"]
[White "RWu"]
[Black "VrloJakMK"]
[Result "1-0"]
[ICCResult "Black resigns"]
[WhiteElo "1794"]
[BlackElo "2006"]
[Opening "French: Winawer, advance, poisoned pawn, Konstantinopolsky variation"]
[ECO "C18"]
[NIC "FR.11"]
[Time "20:06:06"]
[TimeControl "180+0"]

1. e4 e6 2. d4 d5 3. Nc3 Bb4 4. e5 c5 5. a3 Bxc3+ 6. bxc3 Ne7 7. Qg4 Qc7 8.
Qxg7 Rg8 9. Qxh7 cxd4 10. Ne2 Nbc6 11. f4 dxc3 12. Qd3 d4 13. Nxd4 Nxd4 14.
Qxd4 Bd7 15. Qf2 Bc6 16. Be3 Qa5 17. Rg1 Nf5 18. g4 Nxe3 19. Qxe3 O-O-O 20.
Bd3 Rd5 21. g5 Rgd8 22. h4 Bb5 23. Bxb5 Rxb5 24. h5 Rb2 25. Rc1 Kb8 26. h6
Qxa3 27. h7 Rb4 28. Rd1 Rh8 29. g6 fxg6 30. Rxg6 Qa4 31. Rg8+ {Black
resigns} 1-0

[Event "ICCopen2017"]
[Site "Internet Chess Club"]
[Date "2017.04.02"]
[Round "6"]
[White "Cramagica"]
[Black "Djukanyc"]
[Result "0-1"]
[ICCResult "White checkmated"]
[WhiteElo "1157"]
[BlackElo "1698"]
[Opening "Réti opening"]
[ECO "A06"]
[NIC "QP.09"]
[Time "20:06:44"]
[TimeControl "180+0"]

1. Nf3 d5 2. e3 c5 3. c4 d4 4. d3 Nc6 5. Be2 e5 6. e4 Be7 7. a3 f5 8. exf5
Bxf5 9. O-O Nf6 10. h3 O-O 11. Bg5 e4 12. dxe4 Nxe4 13. Bxe7 Qxe7 14. Bd3
Rae8 15. Re1 Qf6 16. Nbd2 Nxd2 17. Qxd2 Bxh3 18. Rxe8 Rxe8 19. Qf4 Qxf4 20.
gxh3 Qxf3 21. Bxh7+ Kxh7 22. b4 Re5 23. bxc5 Rg5+ 24. Kf1 Qd3+ 25. Ke1 Re5#
{White checkmated}
0-1

[Event "ICCopen2017"]
[Site "Internet Chess Club"]
[Date "2017.04.02"]
[Round "6"]
[White "markovichgoran"]
[Black "yummy2"]
[Result "0-1"]
[ICCResult "White checkmated"]
[WhiteElo "2396"]
[BlackElo "2694"]
[Opening "Ruy Lopez: closed, Breyer, Borisenko variation"]
[ECO "C95"]
[NIC "RL.25"]
[Time "20:06:36"]
[TimeControl "180+0"]

1. e4 e5 2. Nf3 Nc6 3. Bb5 a6 4. Ba4 Nf6 5. O-O Be7 6. Re1 b5 7. Bb3 d6 8.
h3 O-O 9. c3 Nb8 10. d4 Nbd7 11. Nbd2 Bb7 12. Bc2 Re8 13. Nf1 Bf8 14. Ng3 g6
15. Bg5 h6 16. Bd2 Bg7 17. Qc1 Kh7 18. b4 a5 19. bxa5 c6 20. Bb3 Qe7 21. c4
exd4 22. cxb5 Nc5 23. a6 Bc8 24. Bc4 cxb5 25. Bxb5 Nfd7 26. Qd1 Bxa6 27.
Bxa6 Rxa6 28. Bb4 d3 29. Rb1 Rxa2 30. Nf1 Qf6 31. e5 Nxe5 32. Nxe5 Qxf2+ 33.
Kh1 Qxg2# {White checkmated} 0-1

[Event "ICCopen2017"]
[Site "Internet Chess Club"]
[Date "2017.04.02"]
[Round "6"]
[White "Ohanessian"]
[Black "TeddyBear"]
[Result "1-0"]
[ICCResult "Black forfeits on time"]
[WhiteElo "2129"]
[BlackElo "1672"]
[Opening "Caro-Kann: Goldman (Spielmann) variation"]
[ECO "B11"]
[NIC "CK.01"]
[Time "20:06:12"]
[TimeControl "180+0"]

1. e4 c6 2. Nc3 d5 3. Qf3 d4 4. Bc4 e6 5. Nce2 c5 6. d3 Nc6 7. Qg3 Nge7 8.
f4 Ng6 9. h4 h5 10. Nf3 Be7 11. Ng5 Qc7 12. Nxe6 Bxe6 13. Bxe6 fxe6 14.
Qxg6+ Kd7 15. Bd2 Raf8 16. O-O-O Bf6 17. e5 Be7 18. Ng3 Nb4 19. Bxb4 cxb4
20. Ne4 a5 21. g3 a4 22. Kb1 Ra8 23. Qxg7 {Black forfeits on time} 1-0